3A
BELLEVILLE BULLS @ MYRTLE BEACH SEAHAWKS
09/06/2033
 
TOP OF THE 1ST
Belleville Bulls batting - Pitching for Myrtle Beach Seahawks : RHP Ratko Davidovic
Pitching: RHP Ratko Davidovic
Batting: SHB Júlio Moreno 0-0: Called Strike
0-1: Called Strike
0-2: SINGLE (Groundball, 4D)
Batting: RHB Zack McLean 0-0: Ball
1-0: Ball
2-0: Ball
3-0: Called Strike
3-1: Swinging Strike
3-2: Fly out, F9 (Line Drive, 89S)
Batting: RHB Rey McSriff Pickoff Throw to First - Error! E1
Júlio Moreno to second
0-0: Ball
1-0: SINGLE (Groundball, 6MD)
Júlio Moreno to third
Runner from 3rd tries for Home, SAFE, no throw
Batting: RHB Silvian Burger 0-0: Foul Ball, location: 2F
0-1: Ball
1-1: Foul Ball, location: 2F
1-2: Foul Ball, location: 2F
1-2: Ball
2-2: Ball
3-2: Foul Ball, location: 2F
3-2: Strikes out swinging
Batting: LHB Don McGhee 0-0: Swinging Strike
0-1: Ball
1-1: Foul Ball, location: 2F
1-2: Ball
2-2: Strikes out swinging
Top of the 1st over - 1 run, 2 hits, 1 error, 1 left on base; Belleville 1 - Myrtle Beach 0
BOTTOM OF THE 1ST
Myrtle Beach Seahawks batting - Pitching for Belleville Bulls : RHP Jorge Moreno
Pitching: RHP Jorge Moreno
Batting: RHB Lucas Gallant 0-0: Fly out, F6 (Line Drive, 6)
Batting: RHB Al Ellis 0-0: Swinging Strike
0-1: Ground out 3-1 (Groundball, 34)
Batting: LHB Augusto Reyes 0-0: Ball
1-0: Swinging Strike
1-1: Fly out, F5 (Popup, 5S)
Bottom of the 1st over - 0 runs, 0 hits, 0 errors, 0 left on base; Belleville 1 - Myrtle Beach 0
TOP OF THE 2ND
Belleville Bulls batting - Pitching for Myrtle Beach Seahawks : RHP Ratko Davidovic
Batting: RHB Eric Harvey 0-0: Ball
1-0: Swinging Strike
1-1: SINGLE (Groundball, 6MD)
Batting: RHB Manuel Vroonland 0-0: Called Strike
0-1: Ball
1-1: Ball
2-1: Foul Ball, location: 2F
2-2: Foul Ball, location: 2F
2-2: Ball
3-2: Fly out, F8 (Flyball, 8RS)
Batting: LHB Juan Rodríguez 0-0: Ball
1-0: Grounds into double play, 3-6-3 (Groundball, 3)
Top of the 2nd over - 0 runs, 1 hit, 0 errors, 0 left on base; Belleville 1 - Myrtle Beach 0
BOTTOM OF THE 2ND
Myrtle Beach Seahawks batting - Pitching for Belleville Bulls : RHP Jorge Moreno
Batting: RHB Jimmy Gonzáles 0-0: SINGLE (Flyball, 7LS)
Batting: RHB Justin Forbes 0-0: Swinging Strike
0-1: Foul Ball, location: 2F
0-2: Strikes out looking
Batting: RHB Madhavacharta Bhavalakar 0-0: Called Strike
0-1: SINGLE (Line Drive, 6D)
Jimmy Gonzáles to second
Batting: RHB Kyle Goodbrand 0-0: Fly out, F9 (Flyball, 9)
Runner from 2nd tags up, SAFE at 3rd with throw
Batting: LHB Anastasio Flores 0-0: Called Strike
0-1: Ball
1-1: Ball
2-1: Ground out 1-3 (Groundball, P)
Bottom of the 2nd over - 0 runs, 2 hits, 0 errors, 2 left on base; Belleville 1 - Myrtle Beach 0
TOP OF THE 3RD
Belleville Bulls batting - Pitching for Myrtle Beach Seahawks : RHP Ratko Davidovic
Batting: RHB Rich Lucas 0-0: Ball
1-0: SINGLE (Groundball, 6D)
Batting: SHB Júlio Moreno 0-0: Called Strike
0-1: Ball
1-1: Grounds into double play, 4-6-3 (Groundball, 4)
Batting: RHB Zack McLean 0-0: Ball
1-0: Ball
2-0: Ball
3-0: Base on Balls
Batting: RHB Rey McSriff 0-0: Ball
1-0: Foul Ball, location: 2F
1-1: Swinging Strike
1-2: Ball
2-2: Strikes out swinging
Top of the 3rd over - 0 runs, 1 hit, 0 errors, 1 left on base; Belleville 1 - Myrtle Beach 0
BOTTOM OF THE 3RD
Myrtle Beach Seahawks batting - Pitching for Belleville Bulls : RHP Jorge Moreno
Batting: RHB Jordan Lander 0-0: Ball
1-0: Swinging Strike
1-1: Fly out, F8 (Flyball, 8RXD)
Batting: RHB Lucas Gallant 0-0: Ground out 6-3 (Groundball, 56)
Batting: RHB Al Ellis 0-0: Foul Ball, location: 2F
0-1: Ball
1-1: Foul Ball, location: 2F
1-2: Foul Ball, location: 2F
1-2: Ball
2-2: Foul Ball, location: 2F
2-2: Foul Ball, location: 2F
2-2: Foul Ball, location: 2F
2-2: Fly out, F2 (Popup, 2LF)
Bottom of the 3rd over - 0 runs, 0 hits, 0 errors, 0 left on base; Belleville 1 - Myrtle Beach 0
TOP OF THE 4TH
Belleville Bulls batting - Pitching for Myrtle Beach Seahawks : RHP Ratko Davidovic
Batting: RHB Silvian Burger 0-0: Ball
1-0: Ball
2-0: Foul Ball, location: 2F
2-1: Foul Ball, location: 2F
2-2: SOLO HOME RUN (Flyball, 7D), Distance : 411 ft
Batting: LHB Don McGhee 0-0: Called Strike
0-1: Ball
1-1: Fly out, F7 (Flyball, 7LSF)
Batting: RHB Eric Harvey 0-0: Called Strike
0-1: Ball
1-1: Called Strike
1-2: Foul Ball, location: 2F
1-2: Strikes out looking
Batting: RHB Manuel Vroonland 0-0: Ball
1-0: Foul Ball, location: 2F
1-1: Foul Ball, location: 2F
1-2: Foul Ball, location: 2F
1-2: Ball
2-2: Strikes out looking
Top of the 4th over - 1 run, 1 hit, 0 errors, 0 left on base; Belleville 2 - Myrtle Beach 0
BOTTOM OF THE 4TH
Myrtle Beach Seahawks batting - Pitching for Belleville Bulls : RHP Jorge Moreno
Batting: LHB Augusto Reyes 0-0: Ball
1-0: Ball
2-0: Foul Ball, location: 2F
2-1: Swinging Strike
2-2: Foul Ball, location: 2F
2-2: Ball
3-2: Ground out 3-1 (Groundball, 34S)
Batting: RHB Jimmy Gonzáles 0-0: Ball
1-0: Called Strike
1-1: Ground out 6-3 (Groundball, 6)
Batting: RHB Justin Forbes 0-0: Foul Ball, location: 2F
0-1: Ball
1-1: Ball
2-1: Foul Ball, location: 2F
2-2: Hit by Pitch
Batting: RHB Madhavacharta Bhavalakar 0-0: Ball
1-0: Called Strike
1-1: Ball
2-1: Ball
3-1: Foul Ball, location: 2F
3-2: Strikes out looking
Bottom of the 4th over - 0 runs, 0 hits, 0 errors, 1 left on base; Belleville 2 - Myrtle Beach 0
TOP OF THE 5TH
Belleville Bulls batting - Pitching for Myrtle Beach Seahawks : RHP Ratko Davidovic
Batting: LHB Juan Rodríguez 0-0: Called Strike
0-1: Swinging Strike
0-2: Ball
1-2: Strikes out looking
Batting: RHB Rich Lucas 0-0: Ball
1-0: Swinging Strike
1-1: Ball
2-1: SINGLE (Groundball, 56) (infield hit)
Batting: SHB Júlio Moreno 0-0: Ball
1-0: Called Strike
1-1: Ball
2-1: DOUBLE (Groundball, 5L)
Rich Lucas to third
Runner from 3rd tries for Home, throw and OUT!
Batting: RHB Zack McLean 0-0: Called Strike
0-1: Foul Ball, location: 2F
0-2: Ball
1-2: Fly out, F8 (Flyball, 8LM)
Top of the 5th over - 0 runs, 2 hits, 0 errors, 1 left on base; Belleville 2 - Myrtle Beach 0
BOTTOM OF THE 5TH
Myrtle Beach Seahawks batting - Pitching for Belleville Bulls : RHP Jorge Moreno
Batting: RHB Kyle Goodbrand 0-0: Ball
1-0: Ground out 4-3 (Groundball, 4M)
Batting: LHB Anastasio Flores 0-0: Called Strike
0-1: Foul Ball, location: 2F
0-2: Ball
1-2: Foul Ball, location: 2F
1-2: Foul Ball, location: 2F
1-2: Ball
2-2: Ball
3-2: Foul Ball, location: 2F
3-2: Fly out, F8 (Flyball, 8LS)
Batting: RHB Jordan Lander 0-0: Called Strike
0-1: Ground out 6-3 (Groundball, 6D)
Bottom of the 5th over - 0 runs, 0 hits, 0 errors, 0 left on base; Belleville 2 - Myrtle Beach 0
TOP OF THE 6TH
Belleville Bulls batting - Pitching for Myrtle Beach Seahawks : RHP Ratko Davidovic
Pitching: RHP Bailey Achurch
Batting: RHB Rey McSriff 0-0: Called Strike
0-1: Called Strike
0-2: Fly out, F9 (Flyball, 9LS)
Batting: RHB Silvian Burger 0-0: Ball
1-0: Ball
2-0: Ball
3-0: Called Strike
3-1: Base on Balls
Batting: LHB Don McGhee 0-0: Foul Ball, location: 2F
0-1: Ball
1-1: Ball
2-1: Ground out 4-3 (Groundball, 34)
Silvian Burger to second
Batting: RHB Eric Harvey 0-0: Ball
1-0: Ball
2-0: Called Strike
2-1: Called Strike
2-2: Foul Ball, location: 2F
2-2: Foul Ball, location: 2F
2-2: Foul Ball, location: 2F
2-2: Strikes out swinging
Top of the 6th over - 0 runs, 0 hits, 0 errors, 1 left on base; Belleville 2 - Myrtle Beach 0
BOTTOM OF THE 6TH
Myrtle Beach Seahawks batting - Pitching for Belleville Bulls : RHP Jorge Moreno
Batting: RHB Lucas Gallant 0-0: Ball
1-0: Ball
2-0: Ball
3-0: Called Strike
3-1: Foul Ball, location: 2F
3-2: Base on Balls
Batting: RHB Al Ellis 0-0: Ball
1-0: Called Strike
1-1: SINGLE (Line Drive, 6MD)
Lucas Gallant to second
Batting: LHB Augusto Reyes 0-0: Called Strike
0-1: Swinging Strike
0-2: 3-RUN HOME RUN (Flyball, 9LD), Distance : 353 ft
Batting: RHB Jimmy Gonzáles 0-0: Called Strike
0-1: Ball
1-1: DOUBLE (Line Drive, 78D)
Batting: RHB Justin Forbes 0-0: Fly out, F8 (Flyball, 8LM)
Batting: RHB Madhavacharta Bhavalakar 0-0: Ball
1-0: Swinging Strike
1-1: Called Strike
1-2: Strikes out swinging
Batting: RHB Kyle Goodbrand 0-0: Called Strike
0-1: Fly out, F4 (Popup, 3S)
Bottom of the 6th over - 3 runs, 3 hits, 0 errors, 1 left on base; Belleville 2 - Myrtle Beach 3
TOP OF THE 7TH
Belleville Bulls batting - Pitching for Myrtle Beach Seahawks : RHP Bailey Achurch
Batting: RHB Manuel Vroonland 0-0: Ball
1-0: Ball
2-0: Ground out 6-3 (Groundball, 6)
Batting: LHB Juan Rodríguez 0-0: Called Strike
0-1: Foul Ball, location: 2F
0-2: Strikes out swinging
Batting: RHB Rich Lucas 0-0: Ball
1-0: Called Strike
1-1: Ball
2-1: Ball
3-1: Base on Balls
Batting: SHB Júlio Moreno 0-0: Ball
1-0: Ball
2-0: Ball
3-0: Called Strike
3-1: Called Strike
3-2: Strikes out swinging
Top of the 7th over - 0 runs, 0 hits, 0 errors, 1 left on base; Belleville 2 - Myrtle Beach 3
BOTTOM OF THE 7TH
Myrtle Beach Seahawks batting - Pitching for Belleville Bulls : RHP Jorge Moreno
Batting: LHB Anastasio Flores 0-0: Foul Ball, location: 2F
0-1: Ball
1-1: Called Strike
1-2: Strikes out swinging
Batting: RHB Jordan Lander 0-0: Called Strike
0-1: Ball
1-1: Fly out, F5 (Line Drive, 56)
Batting: RHB Lucas Gallant 0-0: Called Strike
0-1: Ball
1-1: SINGLE (Line Drive, 78S)
Batting: RHB Al Ellis 0-0: Called Strike
0-1: Foul Ball, location: 2F
0-2: Ball
1-2: Ground out 4-3 (Groundball, 4)
Bottom of the 7th over - 0 runs, 1 hit, 0 errors, 1 left on base; Belleville 2 - Myrtle Beach 3
TOP OF THE 8TH
Belleville Bulls batting - Pitching for Myrtle Beach Seahawks : RHP Bailey Achurch
Batting: RHB Zack McLean 0-0: Ball
1-0: Ball
2-0: Called Strike
2-1: Swinging Strike
2-2: Ball
3-2: Strikes out looking
Batting: RHB Rey McSriff 0-0: Ball
1-0: Ball
2-0: Swinging Strike
2-1: Ball
3-1: Called Strike
3-2: Strikes out swinging
Batting: RHB Silvian Burger 0-0: Ground out 5-3 (Groundball, 56)
Top of the 8th over - 0 runs, 0 hits, 0 errors, 0 left on base; Belleville 2 - Myrtle Beach 3
BOTTOM OF THE 8TH
Myrtle Beach Seahawks batting - Pitching for Belleville Bulls : RHP Jorge Moreno
Batting: LHB Augusto Reyes 0-0: Swinging Strike
0-1: Ball
1-1: DOUBLE (Line Drive, 89XD)
Pinch Hitting: SHB Faradur Umrani 0-0: Intentional Walk
Batting: RHB Justin Forbes 0-0: Swinging Strike
0-1: Called Strike
0-2: Foul Ball, location: 2F
0-2: DOUBLE (Line Drive, 78XD)
Augusto Reyes scores
Faradur Umrani to third
Pinch Hitting: RHB Kyuso Kouno 0-0: Intentional Walk
Batting: RHB Kyle Goodbrand 0-0: Called Strike
0-1: Ball
1-1: DOUBLE (Line Drive, 9LM)
Faradur Umrani scores
Justin Forbes scores
Kyuso Kouno to third
Batting: LHB Anastasio Flores 0-0: Intentional Walk
Pitching: LHP Nelson Martínez
Batting: RHB Jordan Lander 0-0: Foul Ball, location: 2F
0-1: Fly out, F8 (Flyball, 78D)
Runner from 3rd tags up, SCORES, throw made
Batting: RHB Lucas Gallant 0-0: Ground out 3-1 (Groundball, 2R)
Kyle Goodbrand to third
Anastasio Flores to second
Batting: RHB Al Ellis 0-0: Ball
1-0: Called Strike
1-1: Ball
2-1: Ball
3-1: Base on Balls
Batting: LHB Augusto Reyes 0-0: DOUBLE (Line Drive, 9LM)
Kyle Goodbrand scores
Anastasio Flores scores
Al Ellis to third
Runner from 3rd tries for Home, SAFE, throw made at trailing runner, OUT at third!
Bottom of the 8th over - 7 runs, 4 hits, 0 errors, 0 left on base; Belleville 2 - Myrtle Beach 10
TOP OF THE 9TH
Belleville Bulls batting - Pitching for Myrtle Beach Seahawks : RHP Bailey Achurch
Now at 3B: Kyuso Kouno
Now in LF: Faradur Umrani
Batting: LHB Don McGhee 0-0: Called Strike
0-1: Foul Ball, location: 2F
0-2: Ball
1-2: Fly out, F7 (Flyball, 78M)
Pitching: LHP Hai-dong Lang
Batting: RHB Eric Harvey 0-0: Called Strike
0-1: Ball
1-1: TRIPLE (Line Drive, 78XD)
Batting: RHB Manuel Vroonland 0-0: Swinging Strike
0-1: Swinging Strike
0-2: Ball
1-2: Foul Ball, location: 2F
1-2: Strikes out swinging
Batting: LHB Juan Rodríguez 0-0: Ball
1-0: Ball
2-0: Ball
3-0: Base on Balls
Batting: RHB Rich Lucas 0-0: Ball
1-0: Foul Ball, location: 2F
1-1: Swinging Strike
1-2: Ball
2-2: Strikes out swinging
Top of the 9th over - 0 runs, 1 hit, 0 errors, 2 left on base; Belleville 2 - Myrtle Beach 10
Saturday, December 22nd, 2018 - OOTP Baseball 18.8 Build 76